Map: Void Training Stage 3

Players

Player 2

  • Race: Protoss Protoss
  • Spawn Location: 6:00

oVer - Winner!

  • Race: Terran Terran
  • League: Platinum
  • Spawn Location: 12:00

VOD

Have the link to the VOD?

Description

Time

  • Played on: Oct. 7, 2021, 4:25 a.m.
  • Length: 6:42
Show
View Real Time Build Order
Export as new Build Order

Player 2 Protoss 

Build Orders:  

Get SALT Encoding   

  12  0:00  Probe  
  13  0:13  Probe  
  14  0:21  Pylon  
  14  0:25  Probe  
  15  0:35  Probe  
  16  0:44  Probe  
  16  0:47  Assimilator  
  17  0:50  Gateway  
  17  0:53  Probe  
  18  1:00  Pylon  
  18  1:30  Gateway  
  18  1:34  Assimilator  
  18  1:40  Cybernetics Core  
  18  1:46  Zealot  
  20  2:05  Pylon  
  20  2:10  Adept  
  20  2:18  Warp Gate  
  22  2:32  Zealot  
  24  2:49  Adept  
  26  2:54  Pylon  
  26  2:57  Adept  
  28  3:16  Probe  
  29  3:22  Stalker  
  31  3:28  Probe  
  32  3:35  Pylon  
  32  3:38  Adept  
  32  3:41  Probe  
  35  3:52  Forge  
  35  3:53  Probe  
  35  3:54  Adept  
  38  4:04  Probe  
  39  4:12  Probe  
  39  4:15  Adept  
  42  4:32  Adept  
  44  5:12  Zealot  
  26  5:29  Adept  
  27  5:37  Probe  
  28  5:45  Zealot  
  30  6:02  Stalker  
  30  6:08  Probe  
  30  6:09  Zealot  
  26  6:16  Pylon  
  24  6:24  Probe  
  24  6:25  Zealot  
  24  6:32  Zealot  
Show
View Real Time Build Order
Export as new Build Order

oVer Terran - Winner!

Build Orders: Liberator Opening 

Get SALT Encoding   

  12  0:01  SCV  
  13  0:13  SCV  
  14  0:18  Supply Depot  
  14  0:25  SCV  
  15  0:30  Refinery  
  15  0:40  SCV  
  16  0:46  Barracks  
  16  0:52  SCV  
  17  0:58  Refinery  
  17  1:04  SCV  
  18  1:16  SCV  
  19  1:28  SCV  
  20  1:34  Reaper  
  21  1:40  Supply Depot  
  21  1:41  Orbital Command  
  21  1:52  Factory  
  21  2:10  SCV  
  21  2:12  Barracks Reactor  
  21  2:14  Barracks  
  22  2:23  SCV  
  22  2:27  Supply Depot  
  23  2:37  Factory Tech Lab  
  23  2:39  Starport  
  23  2:45  SCV  
  23  2:49  Marine x2  
  26  2:57  SCV  
  27  3:00  Siege Tank  
  27  3:02  Marine  
  31  3:07  Supply Depot  
  31  3:24  Liberator  
  34  3:28  Liberator  
  34  3:31  Marine  
  38  3:42  Marine  
  39  3:56  Stimpack  
  39  3:58  Barracks Reactor  
  39  4:10  Command Center  
  39  4:17  Marine  
  40  4:28  Viking  
  42  4:33  Supply Depot  
  42  4:35  Viking  
  44  5:01  Marine x2  
  44  5:02  Marine  
  44  5:03  Factory Tech Lab  
  44  5:04  Viking  
  43  5:22  Marine  
  43  5:23  Marine x2  
  46  5:31  Medivac  
  48  5:35  Supply Depot  
  48  5:40  Marine  
  48  5:41  SCV  
  50  5:48  Marine, Barracks  
  50  5:49  Marine  
  52  5:53  SCV  
  53  6:03  Viking x2  
Tags
 
Add a new tag
Caveats
  • Supply blocks, unpowered buildings, or Contaminate may cause inaccurate times.
  • Supply counts are checked every 10 seconds.